 Dungeon Crawl Stone Soup version 0.20.1-1-g8b1a95d (webtiles) character file.

187 Gukra the Conjurer (level 5, -1/39 HPs)
             Began as a Draconian Wizard on Nov 12, 2017.
             Killed by divine providence
             ... invoked by an orc priest
              (15 damage)
             ... on level 3 of the Dungeon.
             The game lasted 00:12:12 (3137 turns).

Gukra the Conjurer (Draconian Wizard)               Turns: 3137, Time: 00:12:12

Health: -1/39      AC:  6    Str: 10    XL:     5   Next: 39%
Magic:  1/9        EV: 12    Int: 19    God:
Gold:   132        SH:  0    Dex:  9    Spells: 2/10 levels left

rFire    . . .     SeeInvis .   s - +2 dagger (speed)
rCold    . . .     Gourm    .   (no shield)
rNeg     . . .     Faith    .   (armour unavailable)
rPois    .         Spirit   .   a - +1 hat
rElec    .         Reflect  .   (no cloak)
rCorr    .         Harm     .   (no gloves)
MR       .....                  (no boots)
Stlth    ++........             (no amulet)
Regen    0.2/turn               (no ring)
MPRegen  0.2/turn               (no ring)

@: very slightly contaminated
A: unfitting armour, cold-blooded, AC +5
a: no special abilities


You were on level 3 of the Dungeon.
You were not hungry.

You visited 1 branch of the dungeon, and saw 3 of its levels.

You collected 132 gold pieces.

Inventory:

Hand Weapons
 d - a +0 club
 l - a +0 spear
 s - a +2 dagger of speed (weapon)
Armour
 a - a +1 hat (worn)
Wands
 n - a wand of polymorph (5/24)
Scrolls
 j - 2 scrolls of teleportation
 m - a scroll of recharging
 u - a scroll of magic mapping {unknown}
Potions
 e - a potion of invisibility {unknown}
 h - a potion of cancellation {unknown}
 i - a potion of heal wounds {unknown}
 k - 2 potions of curing
 q - a potion of flight {unknown}
 r - a potion of might {unknown}
 t - a potion of brilliance {unknown}
Books
 b - a book of Minor Magic

   Spells                             Type                      Level
   a - Magic Dart                     Conjuration                  1
   b - Blink                          Translocation                2
   c - Call Imp                       Summoning                    2
   d - Slow                           Hexes                        2
   e - Conjure Flame                  Conjuration/Fire             3
   f - Mephitic Cloud                 Conjuration/Poison/Air       3
Comestibles
 c - 4 bread rations
 g - a meat ration


   Skills:
 + Level 0.4 Fighting
 + Level 1.0 Short Blades
 - Level 0.4 Polearms
 - Level 1.7 Dodging
 - Level 1.7 Stealth
 - Level 3.0 Spellcasting
 + Level 4.5 Conjurations
 + Level 1.4 Summonings
 + Level 1.0 Translocations
 * Level 1.1 Air Magic
 * Level 0.8 Poison Magic


You had 2 spell levels left.
You knew the following spells:

 Your Spells              Type           Power        Failure   Level  Hunger
a - Magic Dart            Conj           ###.         2%          1    None
c - Blink                 Tloc           N/A          16%         2    ##.....
d - Mephitic Cloud        Conj/Pois/Air  ##......     19%         3    ###....
z - Call Imp              Summ           #.......     13%         2    ##.....


Dungeon Overview and Level Annotations

Branches:
Dungeon (3/15)

Altars:


Innate Abilities, Weirdness & Mutations

Your plain brown scales are hard. (AC +5)
You cannot fit into any form of body armour.
You are cold-blooded and may be slowed by cold attacks.


Message History

Unknown command.
Unknown command.
You closely miss the orc priest.
The orc priest is heavily wounded.
Unknown command.
You hit the orc priest but do no damage.
The orc priest is heavily wounded.
The orc priest completely misses you.
You feel better. The orc priest hits you. The orc priest barely misses you.
You hit the orc priest.
Your tail-slap misses the orc priest.
The orc priest is severely wounded.
The orc priest misses you.
You hit the orc priest but do no damage.
The orc priest is severely wounded.
You hit the orc priest.
The orc priest is almost dead.
The orc priest mumbles some strange prayers to Beogh against you.
Beogh smites you!
You die...

#.....###.....#####
..............#
#.......[.....#
#.....##......#
......##.##.###
.........##.###
......##......# .
..............######....
.....#........).@.......
.....####.#.#.##o.<.....
........)......###.#....
................).......
.#...........#...###....
...............#.# ....
..##..........##.# .##
.....)......... . .
................ ##


You could see an orc priest.

Vanquished Creatures
  An orc wizard (D:3)
  An iguana (D:3)
  3 adders
  2 gnolls (D:2)
  An ooze (D:2)
  A worm (D:2)
  2 leopard geckos
  5 orcs (D:3)
  9 bats
  3 giant cockroaches
  12 goblins
  8 hobgoblins
  2 jackals
  2 ball pythons
  6 frilled lizards
  2 kobolds
  6 rats
66 creatures vanquished.

Vanquished Creatures (collateral kills)
  2 gnolls (D:2)
  A worm (D:2)
  2 orcs (D:3)
  2 jackals (D:2)
  A kobold (D:3)
  A rat (D:2)
9 creatures vanquished.

Grand Total: 75 creatures vanquished

Notes
Turn   | Place    | Note
-------+----------+-------------------------------------------
     0 | D:1      | Gukra the Draconian Wizard began the quest for the Orb.
     0 | D:1      | Reached XP level 1. HP: 14/14 MP: 4/4
   302 | D:1      | Reached skill level 2 in Conjurations
   366 | D:1      | Reached XP level 2. HP: 20/20 MP: 1/6
  1116 | D:2      | Reached XP level 3. HP: 26/26 MP: 2/7
  1184 | D:2      | Reached skill level 3 in Conjurations
  1215 | D:1      | Learned a level 2 spell: Call Imp
  1218 | D:1      | Learned a level 2 spell: Blink
  1222 | D:1      | Learned a level 3 spell: Mephitic Cloud
  1520 | D:2      | Found a faded altar of an unknown god.
  1846 | D:2      | Reached XP level 4. HP: 24/33 MP: 2/8
  2296 | D:2      | Reached skill level 4 in Conjurations
  2794 | D:3      | Reached XP level 5. HP: 19/39 MP: 2/9
  2922 | D:3      | Reached skill level 1 in Air Magic
  3028 | D:3      | Reached skill level 1 in Short Blades
  3137 | D:3      | Killed from afar by an orc priest

Skill      XL: |  1  2  3  4  5 |
---------------+----------------+-----
Conjurations   | 2 3 4 |  4.5
Air Magic      | 1 |  1.1
Short Blades   | 1 |  1.0
Fighting       | |  0.4
Polearms       | |  0.4
Dodging        | |  1.7
Stealth        | |  1.7
Spellcasting   | |  3.0
Summonings     | |  1.4
Translocations | |  1.0
Poison Magic   | |  0.8

Action                   |  1- 3 |  4- 6 || total
-------------------------+-------+-------++-------
Melee: Club              |     3 |       ||     3
       Dagger            |    17 |    24 ||    41
       Tailslap          |     1 |     4 ||     5
       Spear             |       |    49 ||    49
 Cast: Magic Dart        |    82 |    54 ||   136
       Call Imp          |     3 |     5 ||     8
       Mephitic Cloud    |       |     5 ||     5
  Use: Scroll            |     3 |     5 ||     8
       Potion            |       |     1 ||     1
 Stab: Distracted        |       |     1 ||     1
       Confused          |       |     2 ||     2
  Eat: Chunk             |     2 |     6 ||     8
Armor: Skin              |    15 |    14 ||    29
Dodge: Dodged            |    32 |    41 ||    73
